 Dungeon Crawl Stone Soup version 0.28.0 (webtiles) character file.

Game seed: 18440457900034931445

497 Ajdolov the Digger (level 7, -7/41 HPs)
             Began as an Octopode Earth Elementalist on Feb 8, 2022.
             Mangled by a gnoll sergeant (12 damage)
             ... on level 5 of the Dungeon.
             The game lasted 00:09:50 (5223 turns).

Ajdolov the Digger (Octopode Earth Elementalist)    Turns: 5223, Time: 00:09:50

Health: -7/41      AC:  1    Str:  7    XL:     7   Next: 15%
Magic:  6/11       EV: 13    Int: 19    God:
Gold:   50         SH:  0    Dex: 13    Spells: 7/11 levels left

rFire   . . .      SeeInvis .   s - +2 short sword (venom)
rCold   . . .      Faith    .   (no shield)
rNeg    . . .      Spirit   .   (helmet restricted)
rPois   .          Reflect  .   (no amulet)
rElec   .          Harm     .   (no ring)
rCorr   .          Rampage  .   (no ring)
Will    .....                   (no ring)
Stlth   +++.......              (no ring)
HPRegen 0.13/turn               (no ring)
MPRegen 0.12/turn               (no ring)
                                (no ring)
                                (no ring)

@: no status effects
A: almost no armour, amphibious, 8 rings, camouflage 1, gelatinous body 1,
(nimble swimmer 1), tentacles
a: no special abilities


You were on level 5 of the Dungeon.
You visited 1 branch of the dungeon, and saw 5 of its levels.

You collected 92 gold pieces.
You spent 42 gold pieces at shops.

Inventory:

Hand Weapons
 s - a +2 short sword of venom (weapon)
Missiles
 b - 124 stones
Jewellery
 t - a ring of ice
Wands
 o - a wand of paralysis (13)
Scrolls
 d - 4 scrolls of noise {unknown}
 e - 4 scrolls of identify {unknown}
 f - 2 scrolls of teleportation
 g - a scroll of enchant weapon {unknown}
 h - a scroll of blinking {unknown}
 i - a scroll of amnesia {unknown}
 j - a scroll of immolation {unknown}
 k - a scroll of acquirement {unknown}
 p - a scroll of magic mapping {unknown}
Potions
 a - 2 potions of curing {unknown}
 c - a potion of heal wounds {unknown}
 l - 2 potions of flight {unknown}
 m - a potion of brilliance {unknown}
 n - a potion of haste {unknown}
 q - a potion of mutation {unknown}
 r - a potion of invisibility {unknown}


   Skills:
 - Level 2.0 Dodging
 - Level 2.6 Stealth
 + Level 2.6 Spellcasting
 * Level 2.6 Conjurations
 - Level 1.0 Transmutations
 - Level 7.0 Earth Magic


You had 7 spell levels left.
You knew the following spells:

 Your Spells              Type           Power      Damage    Failure   Level
a - Sandblast             Erth           58%        2d13      1%          1
b - Stone Arrow           Conj/Erth      40%        3d9       6%          3

Your spell library contained the following spells:

 Spells                   Type           Power      Damage    Failure   Level
 Passwall                 Tmut/Erth      14%        N/A       4%          2
 Petrify                  Tmut/Erth      17%        N/A       30%         4
 Summon Forest            Summ/Tloc      1%         N/A       99%         5
 Summon Mana Viper        Hex/Summ       2%         N/A       99%         5
 Summon Cactus Giant      Summ           1%         N/A       100%        6


Dungeon Overview and Level Annotations

Branches:
Dungeon (5/15)
 Temple: D:4-7

Altars:
Ashenzari
Okawaru

Shops:
D:3 !(:?=   D:5 :

Annotations:
D:4 1 transporter, Dowan, Duvessa


Innate Abilities, Weirdness & Mutations

You cannot wear most types of armour.
You are amphibious.
You can wear up to eight rings at the same time.
Your skin changes colour to match your surroundings (Stealth+).
Your rubbery body absorbs attacks. (AC +1, EV +1)
((You are camouflaged when in or above water. (Stealth+)))
You have tentacles for arms and can constrict up to eight enemies at once.


Message History

Aim: a gnoll, wielding a +0 club (83% to hit)
The blast of sand hits the gnoll.
The gnoll is moderately wounded.
The gnoll sergeant shouts!
Items here: ))) [.
Aiming: Sandblast (safe; 1% risk of failure)
Press: ? - help, Q - select action, (/) - cycle Shift-Dir - straight line, f/p - gnoll
Aim: a gnoll, wielding a +0 club (moderately wounded, 83% to hit)
The blast of sand hits the gnoll!
You kill the gnoll!
Aiming: Sandblast (safe; 1% risk of failure)
Press: ? - help, Q - select action, (/) - cycle Shift-Dir - straight line, f - gnoll sergeant
Aim: a gnoll sergeant, wielding a +3 vampiric spear, wearing a +0 scale mail and wearing a +0 buckler (86% to hit)
The blast of sand hits the gnoll sergeant.
The gnoll sergeant is lightly wounded.
The gnoll sergeant misses you.
Aiming: Sandblast (safe; 1% risk of failure)
Press: ? - help, Q - select action, (/) - cycle Shift-Dir - straight line, f/p - gnoll sergeant
Aim: a gnoll sergeant, wielding a +3 vampiric spear, wearing a +0 scale mail and wearing a +0 buckler (lightly wounded, 86% to hit)
The blast of sand hits the gnoll sergeant but does no damage.
The gnoll sergeant is lightly wounded.
Aiming: Sandblast (safe; 1% risk of failure)
Press: ? - help, Q - select action, (/) - cycle Shift-Dir - straight line, f/p - gnoll sergeant
Aim: a gnoll sergeant, wielding a +3 vampiric spear, wearing a +0 scale mail and wearing a +0 buckler (lightly wounded, 86% to hit)
The blast of sand hits the gnoll sergeant but does no damage.
The gnoll sergeant is lightly wounded.
The gnoll sergeant completely misses you.
The gnoll sergeant hits you with a +3 vampiric spear!
The gnoll sergeant draws strength from your wounds!
The gnoll shouts!
You hit the gnoll sergeant.
The gnoll sergeant is poisoned.
You grab the gnoll sergeant.
The gnoll sergeant is lightly wounded.
You constrict the gnoll sergeant, but do no damage.
The gnoll sergeant hits you with a +3 vampiric spear! x2
* * * LOW HITPOINT WARNING * * *
The gnoll sergeant draws strength from your wounds!
You release your grip on the gnoll sergeant.
The gnoll sergeant hits you from afar with a +3 vampiric spear!
You die...

#.# #.# #.# ♣♣ #.# ### ♣.
#.# #.# ### ♣♣.♣♣#. #.#
#.# #.# .......####.# #.#
#.#
#..)<)..#########.###.#
#...#####gg.@.........#.#
.##.. #..#######......#
.##. ##.#####...###..#
∩.. #.(......### #..# ..
#).....### #..# .
#.....## #..# #.....#
#### #.....# #.....#


You could see a gnoll sergeant (very poisoned) and a gnoll.

Vanquished Creatures
  A scorpion (D:4)
  A howler monkey (D:4)
  A bullfrog skeleton (D:4)
  2 hounds (D:4)
  3 iguanas
  3 hound skeletons
  3 gnolls
  6 adders
  2 ufetubi (D:5)
  3 adder zombies (D:3)
  An adder skeleton (D:3)
  A worm (D:2)
  3 dart slugs
  5 orcs
  11 endoplasms
  3 giant cockroaches
  10 goblins
  3 hobgoblins
  2 jackals (D:1)
  4 kobolds
  3 quokkas (D:2)
  7 ball pythons
  6 bats
  2 frilled lizards
  A giant cockroach zombie (D:3)
  A quokka skeleton (D:3)
  5 rats
93 creatures vanquished.

Notes
Turn   | Place    | Note
-------+----------+-------------------------------------------
     0 | D:1      | Ajdolov the Octopode Earth Elementalist began the quest for
                  | the Orb.
     0 | D:1      | Reached XP level 1. HP: 11/11 MP: 3/3
   337 | D:1      | Reached XP level 2. HP: 14/17 MP: 0/5
   612 | D:1      | You fall into a shaft and drop 1 floor!
   648 | D:2      | Reached skill level 4 in Earth Magic
   652 | D:2      | Reached XP level 3. HP: 17/21 MP: 0/6
  1288 | D:1      | Found a faded altar of an unknown god.
  1947 | D:2      | Reached XP level 4. HP: 23/27 MP: 7/7
  2475 | D:2      | Reached skill level 5 in Earth Magic
  3118 | D:3      | Found Boatroics's Magic Scroll Emporium.
  3124 | D:3      | Bought a scroll of teleportation for 42 gold pieces
  3133 | D:3      | Found Dudeg's Book Emporium.
  3155 | D:3      | Reached XP level 5. HP: 21/31 MP: 4/8
  3286 | D:3      | Found Duod's Jewellery Shop.
  3801 | D:3      | Reached skill level 6 in Earth Magic
  4050 | D:3      | Found Monausti's Distillery.
  4272 | D:3      | Found Quunirim's Antique Weapon Shoppe.
  4418 | D:4      | Reached XP level 6. HP: 36/36 MP: 9/9
  4496 | D:4      | Reached skill level 7 in Earth Magic
  4532 | D:4      | Learned a level 3 spell: Stone Arrow
  4588 | D:4      | Reached skill level 1 in Conjurations
  4754 | D:4      | Found a broken altar of Ashenzari.
  4755 | D:4      | Found an iron altar of Okawaru.
  4805 | D:4      | Reached XP level 7. HP: 39/41 MP: 10/10
  4944 | D:4      | Found a transporter.
  4944 | D:4      | Noticed Duvessa
  4945 | D:4      | Noticed Dowan
  5110 | D:5      | Entered Level 5 of the Dungeon
  5200 | D:5      | Found Ciefum's Book Shop.
  5223 | D:5      | Mangled by a gnoll sergeant

Illustrated notes

Levels and vault maps discovered:
D:1:      dpeg_arrival_round_a, layout_loops_ring, ebering_ecumenical_altar_mist
D:2:      layout_basic, st_stairs_6
D:3:      layout_loops_ring, serial_undead, serial_undead_a, serial_undead_a,
          serial_undead_d, serial_undead_a, serial_undead_c, serial_shops, shop,
          shop, nicolae_shop_waterfront, shop_fountains, nicolae_shop_crystal,
          minmay_misc_feat_five
D:4:      layout_basic, lemuel_blue_sif_altar, grunt_temple_overflow_open,
          gammafunk_ghost_abyssal_escape, nicolae_specific_store, uniq_duvessa
D:5:      layout_rooms, kennysheep_little_box, nicolae_yredelemnul_corpse_copse,
          marbit_many_paths, gammafunk_ghost_mausoleum, serial_shops, shop,
          nicolae_square_shop, nicolae_shop_stone, shop

Skill      XL: |  1  2  3  4  5  6 |
---------------+-------------------+-----
Earth Magic    | 4 5 6 7 |  7.0
Conjurations   | 2 |  2.6
Dodging        | |  2.0
Stealth        | |  2.6
Spellcasting   | |  2.6
Transmutations | |  1.0

Action                   |  1- 3 |  4- 6 |  7- 9 || total
-------------------------+-------+-------+-------++-------
Melee: Spear             |    86 |    24 |       ||   110
       Constrict         |    16 |    21 |     7 ||    44
       Tentacles         |    11 |    23 |     8 ||    42
       Unarmed           |     1 |       |       ||     1
       Punch             |     2 |       |       ||     2
       Dagger            |       |    71 |    12 ||    83
       Short sword       |       |       |     3 ||     3
 Cast: Sandblast         |    14 |    33 |     5 ||    52
 Stab: Sleeping          |    14 |    11 |     2 ||    27
Armor: Skin              |     9 |     6 |       ||    15
Dodge: Dodged            |    38 |    60 |    11 ||   109
